 Dungeon Crawl Stone Soup version 0.22-a0-351-g29664b4 (webtiles) character file.

188 Amnesiac the Bolt Thrower (level 5, -1/25 HPs)
             Began as a Spriggan Hunter on Apr 12, 2018.
             Was an Initiate of Okawaru.
             Slain by Grinder (5 damage)
             ... on level 3 of the Dungeon.
             The game lasted 00:05:51 (2637 turns).

Amnesiac the Bolt Thrower (Spriggan Hunter)         Turns: 2637, Time: 00:05:51

Health: -1/25      AC:  2    Str: 14    XL:     5   Next: 39%
Magic:  6/6        EV: 24    Int: 12    God:    Okawaru [......]
Gold:   107        SH:  0    Dex: 22    Spells: 4/4 levels left

rFire    . . .     SeeInvis +   b - +3 short sword (venom)
rCold    + . .     Gourm    .   (shield restricted)
rNeg     . . .     Faith    .   c - +0 robe
rPois    .         Spirit   .   (helmet restricted)
rElec    .         Reflect  .   (no cloak)
rCorr    .         Harm     .   (gloves unavailable)
MR       .....                  (boots unavailable)
Stlth    +++.......             (no amulet)
HPRegen  0.08/turn              p - ring of protection from cold
MPRegen  0.10/turn              n - +3 ring of slaying

@: mighty, agile, very quick
A: very small, unfitting armour, see invisible, herbivore, speed 3, slow
metabolism 2
a: Renounce Religion


You were on level 3 of the Dungeon.
You worshipped Okawaru.
Okawaru was noncommittal.
You were not hungry.

You visited 1 branch of the dungeon, and saw 3 of its levels.

You collected 107 gold pieces.

Inventory:

Hand Weapons
 a - a +1 hand crossbow
 b - a +3 short sword of venom (weapon)
Missiles
 d - 41 bolts
 e - 41 poisoned needles
Armour
 c - a +0 robe (worn)
 v - a +0 cloak
Jewellery
 n - a +3 ring of slaying (right hand)
 p - a ring of protection from cold (left hand)
Scrolls
 g - 2 scrolls of noise {!r, unknown}
 i - 2 scrolls of remove curse {!r, unknown}
 j - a scroll of identify {!r, unknown}
 m - 2 scrolls of teleportation {!r, unknown}
 o - 2 scrolls of blinking {!r, unknown}
 r - 2 scrolls of magic mapping {!r, unknown}
 s - a scroll of fog {!r, unknown}
 u - a scroll of fear {!r, unknown}
Potions
 h - 3 potions of flight {!q}
Comestibles
 f - a ration


   Skills:
 - Level 1.5 Fighting
 + Level 6.7 Crossbows
 - Level 3.0 Dodging
 - Level 1.5 Stealth


You had 4 spell levels left.
You didn't know any spells.

Dungeon Overview and Level Annotations

Branches:
Dungeon (3/15)

Altars:
Ashenzari
Hepliaklqana
Kikubaaqudgha
Nemelex Xobeh
Okawaru
Qazlal
Wu Jian
The Shining One

Annotations:
D:3 Grinder, Terence


Innate Abilities, Weirdness & Mutations

You are very small and have problems with some larger weapons.
You are too small for most types of armour.
You have supernaturally acute eyesight. (SInv)
You are a herbivore.
You cover ground extremely quickly.
You need to consume almost no food.


Message History

You shoot a bolt. The bolt completely misses Grinder.
Firing (i - inventory)
d - 44 bolts (quivered)
Press: ? - help, Shift-Dir - straight line, f/p - Grinder
Aim: Grinder (lightly wounded)
You shoot a bolt. The bolt hits Grinder.
Grinder is lightly wounded.
Firing (i - inventory)
d - 43 bolts (quivered)
Press: ? - help, Shift-Dir - straight line, f/p - Grinder
Aim: Grinder (lightly wounded)
You shoot a bolt. The bolt barely misses Grinder.
Grinder blinks!
You see here an adder skeleton.
Firing (i - inventory)
d - 42 bolts (quivered)
Press: ? - help, Shift-Dir - straight line, f/p - Grinder
Aim: Grinder (lightly wounded)
You shoot a bolt. The bolt barely misses Grinder.
Grinder gestures at you.
You suddenly lose the ability to move!
Grinder gestures at you. Pain shoots through your body! Grinder hits you. x2
You writhe in agony.
* * * LOW HITPOINT WARNING * * *
You can move again.
Unknown command.
Unknown command.
Unknown command.
Really quaff
h - 4 green potions {!q}?
It was a potion of flight {!q}.
You feel very buoyant.
You fly up into the air.
Grinder closely misses you.
Really quaff
t - a bubbling amethyst potion {!q}?
It was a potion of cancellation {!q}.
Your magical effects are unravelling.
You feel magically purged.
You float gracefully downwards.
Really quaff
q - a viscous golden potion {!q}?
It was a potion of curing {!q}.
You feel better. Grinder gestures at you. Pain shoots through your body!
* * * LOW HITPOINT WARNING * * *
Really quaff
l - an orange potion {!q}?
It was a potion of agility {!q}.
You feel agile all of a sudden. Grinder misses you.
Really quaff
k - a sapphire potion {!q}?
It was a potion of might {!q}.
You feel very mighty all of a sudden.
Grinder says, "Tell me all your secrets, or I'll kill you."
Grinder misses you.
Wield which item (- for none, * to show all)? (? for menu, Esc to quit)
Your +3 short sword of venom begins to drip with poison!
b - a +3 short sword of venom (weapon)
Grinder misses you.
You barely miss Grinder.
Grinder is lightly wounded.
Grinder barely misses you.
You hit Grinder.
Grinder is poisoned.
Grinder is moderately wounded.
Grinder completely misses you.
You impale Grinder!!
Grinder looks as sick as possible!
Grinder is severely wounded.
Grinder hits you.
* * * LOW HITPOINT WARNING * * *
You writhe in agony.
You die...

#.##.#....#.#....#
#.##.#....#.#.....
#.##.#....#.#....#
#.##.#....#.......
#.##.#....#....#.#
#.##......#...#.#(
#.##......#.#..#.#
#.##...(..#.#.....
#@##........#....#
#5##.##...###.....
#.##...........(..
#.##....(.........
#.##...(..........
#.##.....(....#+#.
#.##..............
#.##....(.........
#(##..............


You could see Grinder.

Vanquished Creatures
  Natasha (D:2)
  4 gnolls (D:2)
  7 adders
  2 oozes
  A worm (D:2)
  A leopard gecko (D:1)
  An orc (D:3)
  2 giant cockroaches
  6 goblins
  5 hobgoblins
  3 quokkas
  9 bats
  3 frilled lizards
  6 kobolds
  4 rats
55 creatures vanquished.

Notes
Turn   | Place    | Note
-------+----------+-------------------------------------------
     0 | D:1      | Amnesiac the Spriggan Hunter began the quest for the Orb.
     0 | D:1      | Reached XP level 1. HP: 10/10 MP: 2/2
   215 | D:1      | Reached XP level 2. HP: 14/14 MP: 3/3
   657 | D:2      | Reached skill level 5 in Crossbows
   678 | D:2      | Reached XP level 3. HP: 18/18 MP: 4/4
   687 | D:2      | Found a hazy altar of Hepliaklqana.
  1071 | D:2      | Reached XP level 4. HP: 22/22 MP: 5/5
  1107 | D:2      | Found a sparkling altar of Nemelex Xobeh.
  1139 | D:2      | Reached skill level 6 in Crossbows
  1256 | D:2      | Found a glowing golden altar of the Shining One.
  1526 | D:2      | Noticed Natasha
  1534 | D:2      | Killed Natasha
  1534 | D:2      | Reached XP level 5. HP: 17/25 MP: 6/6
  1716 | D:2      | Found an iron altar of Okawaru.
  1892 | D:3      | Noticed Terence
  2091 | D:3      | Noticed Grinder
  2195 | D:3      | Found a stormy altar of Qazlal.
  2239 | D:3      | Found an ornate altar of the Wu Jian Council.
  2308 | D:2      | Became a worshipper of Warmaster Okawaru
  2354 | D:3      | Found an ancient bone altar of Kikubaaqudgha.
  2357 | D:3      | Found a shattered altar of Ashenzari.
  2379 | D:3      | Paralysed by Grinder for 3 turns
  2623 | D:3      | Paralysed by Grinder for 5 turns
  2637 | D:3      | Slain by Grinder

Vault maps used:
D:1:      dpeg_arrival_three_bigger_balls, minmay_splitting_lines
D:2:      overflow_temple_1_default, nicolae_overflow_hidden_temple,
          nicolae_overflow_crystal_walls, nemelex_lonely_heart_becter,
          uniq_natasha
D:3:      grunt_temple_overflow_open, nicolae_qazlal_general_emergency,
          uniq_grinder, uniq_terence

Skill      XL: |  1  2  3  4 |
---------------+-------------+-----
Crossbows      | 5 6 |  6.7
Fighting       | |  1.5
Dodging        | |  3.0
Stealth        | |  1.5

Action                   |  1- 3 |  4- 6 || total
-------------------------+-------+-------++-------
Melee: Short sword       |    67 |    62 ||   129
 Fire: Hand crossbow     |     3 |    22 ||    25
  Use: Potion            |       |     5 ||     5
 Stab: Sleeping          |     3 |     3 ||     6
Armor: Robe              |     5 |    14 ||    19
Dodge: Dodged            |    53 |    78 ||   131

Table legend:
 A = Spawn XP
 B = Non-spawn XP
 C = Spawn XP percentage of total XP
 D = Spawn monster count
 E = Non-spawn monster count
 F = Spawn count percentage of total count
 G = Total turns spent on level
                    A         B        C        D         E        F      G
               +---------+---------+-------+---------+---------+-------+---------
         Total |       0 |     269 |   0.0 |       0 |      55 |   0.0 |  2637
               +---------+---------+-------+---------+---------+-------+---------
           D:1 |       0 |      31 |   0.0 |       0 |      16 |   0.0 |   633
           D:2 |       0 |     174 |   0.0 |       0 |      26 |   0.0 |  1278
           D:3 |       0 |      64 |   0.0 |       0 |      13 |   0.0 |   726
               +---------+---------+-------+---------+---------+-------+---------
